 Dungeon Crawl Stone Soup version 0.30-a0-883-g5ad918d77d (webtiles) character file.

Game seed: 3245243137675083030

27 lunkers the Covered (level 3, 0/29 HPs)
             Began as a Meteoran Wanderer on Mar 15, 2023.
             Slain by an adder (3 damage)
             ... on level 2 of the Dungeon.
             The game lasted 00:01:42 (639 turns).

lunkers the Covered (Meteoran Wanderer)              Turns: 639, Time: 00:01:42

Health: 0/29       AC:  9    Str: 16    XL:     3   Next: 44%
Magic:  6/6        EV:  7    Int: 16    God:
Gold:   42         SH:  0    Dex: 10    Spells: 4/4 levels left

rFire   . . .      SeeInvis .    a - +0 dagger
rCold   . . .      Faith    .    (no shield)
rNeg    . . .      Spirit   .    c - +0 chain mail
rPois   .          Reflect  .    (no helmet)
rElec   .          Rampage  .    (no cloak)
rCorr   .                        (no gloves)
Will    .....                    (no boots) Stlth
                                 f - amulet of the acrobat
HPRegen 0.24/turn                (no ring)
MPRegen 0.10/turn                (no ring)

@: glowing
A: sense surroundings 1, otherworldly, glowing, explore regen
a: no special abilities


You were on level 2 of the Dungeon.
You visited 1 branch of the dungeon, and saw 2 of its levels.

You collected 42 gold pieces.

Inventory:

Hand Weapons
 a - a +0 dagger (weapon)
Missiles
 b - 13 poisoned darts
Armour
 c - a +0 chain mail (worn)
Jewellery
 f - an amulet of the acrobat (around neck)
 g - an amulet of magic regeneration
Scrolls
 d - a scroll of fog


   Skills:
 - Level 2.1 Fighting
 + Level 2.9 Short Blades
 - Level 2.4 Throwing
 - Level 4.8 Armour
 - Level 1.3 Spellcasting
 - Level 1.2 Transmutations


You had 4 spell levels left.
You didn't know any spells.
Your spell library contained the following spells:

 Spells                   Type           Power      Damage    Failure   Level
 Wereblood                Tmut           4%         N/A       97%         2
 Passwall                 Tmut/Erth      2%         N/A       99%         2


Dungeon Overview and Level Annotations

Branches:
Dungeon (2/15) Zot: 576

Altars:


Innate Abilities, Weirdness & Mutations

You passively map a small area around you.
You are easily found by Zot.
You glow in the dark.
You regain HP and MP as you explore.


Message History

The adder is moderately wounded.
* * * LOW HITPOINT WARNING * * *
You feel sick. The adder bites you but does no damage.
You aren't carrying any potions.
You hit the adder.
The adder is moderately wounded.
The adder bites you but does no damage.
Okay, then.
As you read the scroll labelled RELIUPN ROKAYL MAP, it crumbles to dust.
It is a scroll of identify.
You don't currently have any unidentified items.
You feel sick. The adder bites you but does no damage.
You closely miss the adder.
The adder is moderately wounded.
You feel sick. The adder barely misses you.
You hit the adder.
The adder is heavily wounded.
You feel sick. The adder barely misses you.
The adder bites you but does no damage.
You miss the adder.
The adder is heavily wounded.
You feel sick.
You are no longer poisoned.
The adder barely misses you.
You closely miss the adder.
The adder is heavily wounded.
The adder bites you but does no damage.
You miss the adder.
The adder is heavily wounded.
The adder bites you but does no damage.
You hit the adder.
The adder is severely wounded.
The adder bites you but does no damage.
You hit the adder.
The adder is almost dead.
The adder barely misses you.
You barely miss the adder.
The adder is almost dead.
The adder bites you.
You die...

# , # *#....# #,
#....# , .. *
#....# .. , *
#....# #. #,
#....# , #.###
#.#### #....# ,
..#
#....#####S...# *
#.# * #....†.@#
#.######.#####!#
###...##.....#*#.#
, .......#.##.##
..., ,
.........##.# ##.#
*, , ,
..####...#### .# *
* ..#*b#...#P#* ,
## * *
#.##.#####.# * *
#.##b.P....# ,


You could see an adder.

Vanquished Creatures
  A worm (D:2)
  4 ball pythons
  3 endoplasms
  3 goblins
  2 jackals (D:2)
  3 kobolds
  A quokka (D:2)
  2 bats
  A frilled lizard (D:1)
  3 rats (D:1)
23 creatures vanquished.

Notes
Turn   | Place    | Note
-------+----------+-------------------------------------------
     0 | D:1      | lunkers the Meteoran Wanderer began the quest for the Orb.
     0 | D:1      | lunkers set off with the following items: a +0 dagger, 13
                  | poisoned darts, a +0 chain mail, a scroll of fog; and the
                  | following spells available to memorise: Passwall,
                  | Wereblood.
     0 | D:1      | Reached XP level 1. HP: 17/17 MP: 3/3
    43 | D:1      | Reached skill level 1 in Short Blades
    63 | D:1      | Reached XP level 2. HP: 17/24 MP: 5/5
   496 | D:2      | Reached XP level 3. HP: 29/29 MP: 6/6
   639 | D:2      | Slain by an adder

Illustrated notes

Levels and vault maps discovered:
D:1:      sevenhm_arrival_forest_fort_small_6, layout_loops_ring
D:2:      layout_basic, serial_aquarium, aquarium_bridge_long_joined
          [aquarium_subvault_bridge, aquarium_subvault_window,
          aquarium_subvault_bridge, aquarium_subvault_bridge,
          aquarium_subvault_window, aquarium_subvault_wall],
          aquarium_bridge_straight [aquarium_subvault_bridge,
          aquarium_subvault_wall, aquarium_subvault_bridge,
          aquarium_subvault_wall], aquarium_window_2, aquarium_window_corner,
          aquarium_window_corridor_1, aquarium_window_corner, aquarium_view_2a,
          aquarium_balcony_3a

Skill      XL: |  1  2 |
---------------+-------+-----
Short Blades   | 1 2 |  2.9
Fighting       | |  2.1
Throwing       | |  2.4
Armour         | |  4.8
Spellcasting   | |  1.3
Transmutations | |  1.2

Action                     || total
---------------------------++-------
  Melee: Dagger            ||   145
         Punch             ||     1
  Throw: Dart              ||     3
    Use: Scroll            ||     1
 Armour: Chain mail        ||    80
  Dodge: Dodged            ||    36

Table legend: (Time is in decaauts)
 A = Elapsed time spent in this place.
 B = Non-inter-level travel time spent in this place.
 C = Inter-level travel time spent in this place.
 D = Time resting spent in this place.
 E = Time spent auto-exploring this place.
 F = Levels seen in this place.
 G = Mean time per level.
                   A        B        C        D        E       F      G
               +--------+--------+--------+--------+--------+-----+--------+
         Total |    622 |    597 |     25 |      0 |    378 |   2 |  311.0 |
       Dungeon |    622 |    597 |     25 |      0 |    378 |   2 |  311.0 |
               +--------+--------+--------+--------+--------+-----+--------+

Top non-repeatable levels by time:
     D:1: 424 daAuts
     D:2: 198 daAuts
